2359 views
Uploaded 2022-01-02 00:35:47
Game version 1.32.10
43:56 long 1on3 custom game on (8)GardenOfWar
Game name "woooo"
Saved by Skrewd
2359 views
Uploaded 2022-01-02 00:35:47
Game version 1.32.10
43:56 long 1on3 custom game on (8)GardenOfWar
Game name "woooo"


168 units @ 29.7k
/ 3.6k
63 buildings @ 9.1k
/ 3.7k



| Healing Salve | 8 | 800 |
| Lesser Clarity Potion | 15 | 1050 |
| Scroll of Speed | 2 | 100 |
| Potion of Healing | 7 | 1050 |
| Orb of Lightning | 2 | 750 |
| Potion of Mana | 8 | 1600 |
| Scroll of Town Portal | 1 | 350 |
| Circlet of Nobility | 2 | 350 |
| Staff of Teleportation | 2 | 300 |
| Boots of Speed | 2 | 500 |
| total: | 49 | 6850g |
| Peon | 11 | 825 | / | 0 |
| Grunt | 20 | 4000 | / | 0 |
| Wind Rider | 4 | 1060 | / | 160 |
| Demolisher | 2 | 440 | / | 100 |
| Troll Batrider | 3 | 480 | / | 120 |
| Forest Troll Shadow Priest | 2 | 390 | / | 20 |
| Forest Troll Berserker | 1 | 245 | / | 30 |
| Mud Golem | 1 | 145 | / | 10 |
| total: | 44 | 7585g | / | 440w |
| Watch Tower | 7 | 770 | / | 560 |
| Altar of Storms | 1 | 180 | / | 50 |
| Orc Burrow | 6 | 960 | / | 240 |
| Voodoo Lounge | 4 | 520 | / | 120 |
| Barracks | 2 | 360 | / | 100 |
| War Mill | 1 | 205 | / | 0 |
| Great Hall | 1 | 385 | / | 185 |
| Beastiary | 1 | 145 | / | 140 |
| Spirit Lodge | 1 | 150 | / | 150 |
| Stronghold | 2 | 630 | / | 380 |
| Fortress | 1 | 325 | / | 190 |
| total: | 24 | 3675g | / | 1545w |
| 0:02 | Peon |
| 0:02 | Peon |
| 0:05 | Altar of Storms |
| 0:08 | Orc Burrow |
| 0:29 | Peon |
| 0:43 | Voodoo Lounge |
| 0:49 | Peon |
| 0:52 | Peon |
| 1:14 | Peon |
| 1:24 | Barracks |
| 1:34 | Peon |
| 1:50 | Orc Burrow |
| 2:02 | Peon |
| 2:09 | Healing Salve |
| 2:09 | Lesser Clarity Potion |
| 2:09 | Scroll of Speed |
| 2:12 | Wind Walk |
| 2:27 | Grunt |
| 2:49 | War Mill |
| 3:07 | Grunt |
| 3:48 | Stronghold |
| 4:02 | Watch Tower |
| 4:09 | Grunt |
| 5:26 | Critical Strike |
| 5:58 | Circlet of Nobility |
| 5:58 | Staff of Teleportation |
| 6:00 | Boots of Speed |
| 6:10 | Watch Tower |
| 6:16 | Beastiary |
| 6:27 | Grunt |
| 6:27 | Grunt |
| 6:42 | Berserker Strength |
| 6:46 | Orc Burrow |
| 6:50 | Reinforced Defenses |
| 6:53 | Lesser Clarity Potion |
| 6:55 | Healing Salve |
| 7:36 | Forest Troll Shadow Priest |
| 7:48 | Wind Walk |
| 7:58 | Wind Rider |
| 7:58 | Wind Rider |
| 8:28 | Fortress |
| 8:54 | Healing Wave |
| 9:15 | Boots of Speed |
| 9:15 | Circlet of Nobility |
| 9:21 | Critical Strike |
| 9:24 | Staff of Teleportation |
| 10:35 | Grunt |
| 10:35 | Grunt |
| 10:48 | Lesser Clarity Potion |
| 10:56 | Lesser Clarity Potion |
| 10:58 | Healing Salve |
| 11:03 | Potion of Healing |
| 11:11 | Orb of Lightning |
| 11:22 | Envenomed Spears |
| 13:19 | Barracks |
| 13:22 | Grunt |
| 13:22 | Grunt |
| 13:33 | Lesser Clarity Potion |
| 13:35 | Potion of Healing |
| 13:36 | Healing Salve |
| 13:48 | Lesser Clarity Potion |
| 13:53 | Potion of Mana |
| 14:16 | Hex |
| 14:44 | Wind Walk |
| 16:04 | Grunt |
| 16:04 | Grunt |
| 16:13 | Healing Wave |
| 16:20 | Pillage |
| 17:28 | Healing Salve |
| 17:29 | Potion of Healing |
| 17:29 | Potion of Mana |
| 17:29 | Lesser Clarity Potion |
| 17:49 | Potion of Mana |
| 17:51 | Lesser Clarity Potion |
| 17:54 | Scroll of Town Portal |
| 18:38 | Bladestorm |
| 19:04 | Orc Burrow |
| 19:16 | Lesser Clarity Potion |
| 19:19 | Potion of Healing |
| 19:21 | Healing Salve |
| 19:51 | Spirit Lodge |
| 21:40 | Demolisher |
| 21:40 | Demolisher |
| 21:42 | Witch Doctor Adept Training |
| 21:46 | Liquid Fire |
| 22:01 | Lesser Clarity Potion |
| 22:12 | Watch Tower |
| 23:56 | Critical Strike |
| 24:03 | Watch Tower |
| 24:05 | Voodoo Lounge |
| 24:13 | Hex |
| 25:59 | Forest Troll Shadow Priest |
| 25:59 | Forest Troll Berserker |
| 25:59 | Mud Golem |
| 26:21 | Healing Wave |
| 27:25 | Mirror Image |
| 28:06 | Grunt |
| 28:06 | Grunt |
| 28:07 | Grunt |
| 28:07 | Grunt |
| 28:07 | Grunt |
| 28:09 | Wind Rider |
| 28:09 | Wind Rider |
| 28:10 | Orc Burrow |
| 28:29 | Potion of Healing |
| 28:29 | Potion of Mana |
| 28:29 | Lesser Clarity Potion |
| 28:29 | Healing Salve |
| 28:42 | Lesser Clarity Potion |
| 28:43 | Potion of Mana |
| 29:36 | Watch Tower |
| 29:49 | Big Bad Voodoo |
| 31:03 | Great Hall |
| 31:35 | Voodoo Lounge |
| 32:25 | Mirror Image |
| 32:52 | Voodoo Lounge |
| 32:55 | Watch Tower |
| 33:00 | Lesser Clarity Potion |
| 33:01 | Potion of Mana |
| 35:18 | Grunt |
| 35:18 | Grunt |
| 35:18 | Grunt |
| 35:18 | Grunt |
| 35:48 | Watch Tower |
| 35:52 | Hex |
| 36:00 | Potion of Healing |
| 36:02 | Healing Salve |
| 36:14 | Steel Melee Weapons |
| 36:22 | Orc Burrow |
| 36:29 | Peon |
| 36:29 | Peon |
| 36:55 | Lesser Clarity Potion |
| 36:56 | Potion of Mana |
| 38:06 | Mirror Image |
| 39:03 | Serpent Ward |
| 39:30 | Endurance Aura |
| 39:33 | Potion of Healing |
| 39:33 | Potion of Mana |
| 39:33 | Lesser Clarity Potion |
| 39:35 | Scroll of Speed |
| 39:35 | Orb of Lightning |
| 39:46 | Peon |
| 41:00 | Troll Batrider |
| 41:00 | Troll Batrider |
| 41:00 | Troll Batrider |
| 43:11 | Serpent Ward |
| 43:12 | Endurance Aura |
| 43:17 | Shockwave |
| 43:18 | War Stomp |
| Right click | 3961 |
| Select group | 1552 |
| Select | 736 |
| Misc. action | 248 |
| Build/train/purchase | 240 |
| Chat | 161 |
| Use ability | 59 |
| Assign group | 35 |
| Item give/drop | 15 |
| Minimap ping | 10 |
| Esc | 5 |
| Remove unit | 1 |


| Potion of Mana | 3 | 600 |
| Potion of Healing | 1 | 150 |
| Orb of Fire | 1 | 325 |
| Ivory Tower | 1 | 40 |
| Boots of Speed | 2 | 500 |
| Circlet of Nobility | 2 | 350 |
| Periapt of Vitality | 1 | 325 |
| total: | 11 | 2290g |
| Peasant | 13 | 975 | / | 0 |
| Footman | 31 | 4185 | / | 0 |
| Rifleman | 23 | 4715 | / | 690 |
| Knight | 6 | 1470 | / | 360 |
| Dragonhawk Rider | 3 | 600 | / | 90 |
| Gryphon Rider | 8 | 2240 | / | 560 |
| total: | 84 | 14185g | / | 1700w |
| Scout Tower | 3 | 90 | / | 60 |
| Barracks | 2 | 320 | / | 120 |
| Altar of Kings | 1 | 180 | / | 50 |
| Farm | 7 | 560 | / | 140 |
| Lumber Mill | 1 | 120 | / | 0 |
| Blacksmith | 2 | 280 | / | 120 |
| Arcane Vault | 1 | 130 | / | 30 |
| Town Hall | 1 | 385 | / | 205 |
| Gryphon Aviary | 1 | 140 | / | 150 |
| Keep | 1 | 320 | / | 210 |
| Castle | 1 | 360 | / | 210 |
| total: | 19 | 2205g | / | 875w |
| 0:12 | Peasant |
| 0:34 | Peasant |
| 1:03 | Barracks |
| 1:07 | Peasant |
| 1:08 | Peasant |
| 1:26 | Altar of Kings |
| 2:16 | Farm |
| 2:19 | Footman |
| 2:19 | Footman |
| 2:20 | Footman |
| 2:29 | Footman |
| 2:35 | Farm |
| 3:09 | Farm |
| 3:17 | Lumber Mill |
| 3:21 | Farm |
| 3:54 | Farm |
| 4:26 | Improved Lumber Harvesting |
| 4:34 | Flame Strike |
| 4:55 | Farm |
| 5:23 | Siphon Mana |
| 5:31 | Footman |
| 5:31 | Footman |
| 5:58 | Footman |
| 6:39 | Footman |
| 6:39 | Footman |
| 6:42 | Keep |
| 8:19 | Blacksmith |
| 8:41 | Blacksmith |
| 9:09 | Castle |
| 9:13 | Footman |
| 9:13 | Footman |
| 9:13 | Footman |
| 9:14 | Footman |
| 9:14 | Footman |
| 9:14 | Footman |
| 9:14 | Footman |
| 9:14 | Footman |
| 9:32 | Arcane Vault |
| 9:42 | Flame Strike |
| 9:58 | Rifleman |
| 9:58 | Rifleman |
| 9:58 | Rifleman |
| 10:01 | Rifleman |
| 10:11 | Farm |
| 11:03 | Potion of Mana |
| 11:06 | Potion of Healing |
| 11:37 | Knight |
| 11:37 | Knight |
| 11:43 | Advanced Lumber Harvesting |
| 12:57 | Boots of Speed |
| 13:02 | Circlet of Nobility |
| 13:24 | Summon Water Elemental |
| 13:26 | Knight |
| 13:26 | Knight |
| 14:03 | Orb of Fire |
| 14:06 | Ivory Tower |
| 15:56 | Iron Forged Swords |
| 15:57 | Black Gunpowder |
| 15:57 | Iron Plating |
| 16:00 | Knight |
| 16:00 | Knight |
| 16:59 | Rifleman |
| 18:09 | Brilliance Aura |
| 18:21 | Banish |
| 19:01 | Gryphon Aviary |
| 19:34 | Rifleman |
| 19:34 | Rifleman |
| 21:01 | Blizzard |
| 21:18 | Rifleman |
| 21:18 | Rifleman |
| 22:17 | Peasant |
| 23:21 | Footman |
| 23:40 | Dragonhawk Rider |
| 23:44 | Gryphon Rider |
| 24:18 | Potion of Mana |
| 24:18 | Potion of Mana |
| 25:03 | Footman |
| 25:03 | Footman |
| 25:05 | Rifleman |
| 26:39 | Storm Hammers |
| 26:59 | Flame Strike |
| 28:09 | Scout Tower |
| 28:51 | Scout Tower |
| 29:05 | Scout Tower |
| 29:16 | Rifleman |
| 29:17 | Rifleman |
| 29:17 | Rifleman |
| 29:17 | Rifleman |
| 29:17 | Rifleman |
| 29:17 | Rifleman |
| 29:17 | Rifleman |
| 29:39 | Barracks |
| 29:58 | Dragonhawk Rider |
| 30:00 | Gryphon Rider |
| 30:00 | Gryphon Rider |
| 30:44 | Rifleman |
| 30:47 | Long Rifles |
| 31:37 | Rifleman |
| 32:52 | Rifleman |
| 32:52 | Rifleman |
| 32:52 | Rifleman |
| 33:04 | Gryphon Rider |
| 33:04 | Gryphon Rider |
| 33:04 | Gryphon Rider |
| 33:37 | Town Hall |
| 34:11 | Refined Gunpowder |
| 34:18 | Rifleman |
| 35:41 | Steel Forged Swords |
| 36:23 | Mithril Forged Swords |
| 36:53 | Peasant |
| 37:30 | Peasant |
| 37:30 | Peasant |
| 37:31 | Peasant |
| 37:31 | Peasant |
| 37:31 | Peasant |
| 37:55 | Dragonhawk Rider |
| 37:59 | Gryphon Rider |
| 38:53 | Gryphon Rider |
| 39:06 | Footman |
| 39:06 | Footman |
| 39:06 | Footman |
| 39:06 | Footman |
| 39:16 | Steel Plating |
| 39:21 | Peasant |
| 39:25 | Peasant |
| 41:12 | Footman |
| 41:12 | Footman |
| 41:12 | Footman |
| 41:12 | Footman |
| 41:12 | Footman |
| 41:13 | Footman |
| 41:13 | Footman |
| 41:36 | Circlet of Nobility |
| 41:38 | Periapt of Vitality |
| 41:40 | Boots of Speed |
| Right click | 1248 |
| Select | 465 |
| Build/train/purchase | 126 |
| Misc. action | 64 |
| Use ability | 46 |
| Remove unit | 28 |
| Esc | 3 |
| Item give/drop | 2 |


| Rod of Necromancy | 1 | 150 |
| total: | 1 | 150g |
| Acolyte | 7 | 525 | / | 0 |
| Ghoul | 6 | 720 | / | 0 |
| Crypt Fiend | 21 | 4515 | / | 840 |
| Frost Wyrm | 5 | 1925 | / | 600 |
| Meat Wagon | 1 | 230 | / | 50 |
| total: | 40 | 7915g | / | 1490w |
| Nerubian Tower | 1 | 100 | / | 20 |
| Spirit Tower | 7 | 1015 | / | 280 |
| Crypt | 2 | 400 | / | 100 |
| Ziggurat | 12 | 1800 | / | 600 |
| Altar of Darkness | 1 | 180 | / | 50 |
| Graveyard | 1 | 215 | / | 0 |
| Tomb of Relics | 1 | 130 | / | 30 |
| Slaughterhouse | 1 | 140 | / | 135 |
| Boneyard | 2 | 350 | / | 400 |
| Halls of the Dead | 1 | 320 | / | 210 |
| Black Citadel | 1 | 325 | / | 230 |
| total: | 20 | 3215g | / | 1315w |
| 0:04 | Acolyte |
| 0:05 | Acolyte |
| 0:09 | Crypt |
| 0:16 | Ziggurat |
| 0:42 | Altar of Darkness |
| 0:56 | Ziggurat |
| 1:12 | Ghoul |
| 1:21 | Ghoul |
| 1:32 | Ghoul |
| 1:56 | Crypt |
| 2:30 | Graveyard |
| 2:36 | Ghoul |
| 2:47 | Death Coil |
| 3:00 | Nerubian Tower |
| 3:06 | Ghoul |
| 3:08 | Ghoul |
| 4:23 | Crypt Fiend |
| 4:23 | Crypt Fiend |
| 4:23 | Crypt Fiend |
| 4:29 | Death Pact |
| 4:41 | Spirit Tower |
| 4:58 | Ziggurat |
| 5:03 | Ziggurat |
| 5:12 | Ziggurat |
| 5:58 | Crypt Fiend |
| 6:03 | Crypt Fiend |
| 6:34 | Tomb of Relics |
| 6:42 | Halls of the Dead |
| 7:45 | Death Coil |
| 7:50 | Spirit Tower |
| 7:53 | Crypt Fiend |
| 7:56 | Creature Attack |
| 8:53 | Rod of Necromancy |
| 9:15 | Web |
| 9:28 | Ziggurat |
| 9:32 | Acolyte |
| 9:44 | Ziggurat |
| 9:47 | Spirit Tower |
| 10:37 | Spirit Tower |
| 10:44 | Improved Creature Attack |
| 10:51 | Spirit Tower |
| 10:58 | Unholy Aura |
| 11:03 | Creature Carapace |
| 11:06 | Crypt Fiend |
| 12:38 | Crypt Fiend |
| 12:44 | Black Citadel |
| 14:25 | Death Coil |
| 14:48 | Crypt Fiend |
| 14:49 | Crypt Fiend |
| 14:55 | Improved Creature Carapace |
| 16:18 | Crypt Fiend |
| 16:19 | Crypt Fiend |
| 18:22 | Crypt Fiend |
| 18:22 | Crypt Fiend |
| 18:26 | Acolyte |
| 18:27 | Acolyte |
| 18:45 | Advanced Creature Attack |
| 18:57 | Crypt Fiend |
| 19:27 | Acolyte |
| 19:29 | Crypt Fiend |
| 19:30 | Crypt Fiend |
| 20:07 | Acolyte |
| 21:01 | Crypt Fiend |
| 21:01 | Crypt Fiend |
| 21:48 | Advanced Creature Carapace |
| 22:26 | Boneyard |
| 22:31 | Boneyard |
| 23:02 | Vampiric Aura |
| 23:19 | Animate Dead |
| 25:55 | Freezing Breath |
| 26:04 | Ziggurat |
| 26:06 | Ziggurat |
| 26:09 | Ziggurat |
| 26:10 | Ziggurat |
| 27:27 | Frost Wyrm |
| 27:27 | Frost Wyrm |
| 27:27 | Frost Wyrm |
| 27:27 | Frost Wyrm |
| 27:28 | Frost Wyrm |
| 27:35 | Spirit Tower |
| 29:11 | Crypt Fiend |
| 29:11 | Crypt Fiend |
| 29:22 | Spirit Tower |
| 31:00 | Sleep |
| 32:28 | Unholy Aura |
| 32:31 | Vampiric Aura |
| 32:54 | Sleep |
| 34:21 | Vampiric Aura |
| 34:40 | Unholy Aura |
| 35:59 | Inferno |
| 37:51 | Death Pact |
| 40:12 | Slaughterhouse |
| 40:23 | Unholy Armor |
| 41:01 | Unholy Strength |
| 41:08 | Ziggurat |
| 41:20 | Meat Wagon |
| Right click | 832 |
| Select | 374 |
| Select group | 342 |
| Misc. action | 131 |
| Build/train/purchase | 89 |
| Assign group | 80 |
| Use ability | 61 |
| Chat | 19 |
| Item give/drop | 4 |
| Esc | 1 |